[Event "Titled Tuesday Blitz July 25 Early 2023"]
[White "Santos Flores, Alberto"]
[Black "Skvortsov, Andrei"]
[WhiteFideId "3601234"]
[BlackFideId "24108600"]
[WhiteElo "2536"]
[BlackElo "2737"]
[Result "0-1"]
[Round "9"]
[TimeControl "180+2"]
[Date "2023.07.25"]
[WhiteClock "0:00:01"]
[BlackClock "0:01:25"]
[Board "49"]

1. e4 d5 2. exd5 Qxd5 3. Nf3 Bg4 4. Be2 Bxf3 5. Bxf3 Qe5+ 6. Qe2 Qxe2+ 7. Bxe2 Nc6 8. Bb5 O-O-O 9. Bxc6 bxc6 10. O-O e5 11. d3 f6 12. Be3 Kb7 13. Nc3 Ne7 14. Bc5 Nd5 15. Ne4 Nf4 16. Bxf8 Rdxf8 17. Nc5+ Kc8 18. Rfe1 Rd8 19. g3 Nd5 20. a3 Nb6 21. Re4 Rd5 22. b4 g6 23. Rae1 Nd7 24. Nxd7 Kxd7 25. f4 Re8 26. fxe5 Rdxe5 27. Rxe5 fxe5 28. Kg2 Kd6 29. Re4 c5 30. bxc5+ Kxc5 31. Rh4 Re7 32. Ra4 c6 33. Rc4+ Kd5 34. Kf3 Rb7 35. Ra4 h5 36. h4 Rb2 37. Rc4 a5 38. Ke3 Ra2 39. a4 Ra1 40. Kf2 c5 41. Ke3 Rb1 42. Ke2 Rb2 43. Ke3 Ra2 44. Ke2 e4 45. Rxe4 Rxc2+ 46. Ke3 c4 47. dxc4+ Rxc4 48. Re8 Rxa4 49. Rg8 Rg4 50. Kf3 Kc5 51. Ra8 Kb4 52. Rb8+ Ka3 53. Ra8 a4 54. Ra6 Kb3 55. Rb6+ Ka2 56. Ra6 a3 57. Rb6 Ka1 58. Rb8 Rc4 59. Rb6 Ka2 60. Rxg6 Kb3 61. Rb6+ Rb4 62. Re6 a2 63. Re1 Kb2 64. Re2+ Ka3 65. Re1 Rb1 66. Re3+ Kb4 67. Re4+ Kc5 68. Ra4 a1=Q 69. Rxa1 Rxa1 70. Kf4 Kd6 71. g4 Ra4+ 0-1


[Site "https://www.chess.com"]

[Event "Titled Tuesday Blitz July 25 Early 2023"]
[White "Djordjevic, Vuk"]
[Black "Lopez, Henry"]
[WhiteFideId "902098"]
[BlackFideId "5203830"]
[WhiteElo "2736"]
[BlackElo "2507"]
[Result "1-0"]
[Round "9"]
[TimeControl "180+2"]
[Date "2023.07.25"]
[WhiteClock "0:01:28"]
[BlackClock "0:00:55"]
[Board "50"]

1. d4 d5 2. Bf4 Nf6 3. e3 c5 4. c3 Nc6 5. Nd2 Qb6 6. Qb3 c4 7. Qc2 g6 8. e4 e6 9. Ngf3 Bg7 10. e5 Nd7 11. Bxc4 dxc4 12. Nxc4 Qc7 13. Nd6+ Kf8 14. Ng5 Nxd4 15. Qe4 Nc6 16. Ndxf7 Ndxe5 17. Nxh8 Nd3+ 18. Qxd3 Qxf4 19. Nxh7+ Kg8 20. Nxg6 Qh6 21. Nhf8 Bxf8 22. Nxf8 Qxf8 23. O-O-O e5 24. Qg6+ Qg7 25. Rd6 Qxg6 26. Rxg6+ Kf7 27. Rg5 Be6 28. h4 Kf6 29. b3 a5 30. Kb2 a4 31. Re1 a3+ 32. Kc1 Rc8 33. Kd2 Rd8+ 34. Ke2 Bf5 35. Rd1 Rxd1 36. Kxd1 Bb1 37. Rg4 b5 38. h5 Bxa2 39. Rg6+ 1-0


[Site "https://www.chess.com"]

[Event "Titled Tuesday Blitz July 25 Early 2023"]
[White "Karamsetty, Jeevan"]
[Black "Bryakin, Mikhail"]
[WhiteFideId "2025337"]
[BlackFideId "4165314"]
[WhiteElo "2506"]
[BlackElo "2731"]
[Result "1-0"]
[Round "9"]
[TimeControl "180+2"]
[Date "2023.07.25"]
[WhiteClock "0:00:09"]
[BlackClock "0:00:02"]
[Board "51"]

1. e4 e5 2. Nf3 d6 3. d4 Nd7 4. c3 Ngf6 5. Bd3 Be7 6. O-O c6 7. Re1 Qc7 8. Nbd2 b6 9. Nf1 Bb7 10. Ng3 g6 11. Bh6 Rg8 12. Rc1 O-O-O 13. Qa4 Kb8 14. b4 Ng4 15. Bd2 h5 16. h3 Ngf6 17. Bg5 Nf8 18. c4 Ne6 19. Bxf6 Bxf6 20. d5 Nf4 21. Bf1 c5 22. bxc5 Qxc5 23. Rb1 h4 24. Rb5 Qc7 25. Ne2 Nd3 26. Reb1 Nc5 27. Qc2 Ba6 28. R5b4 g5 29. Nh2 Bc8 30. f3 Rdf8 31. a4 Bd8 32. a5 Qb7 33. axb6 axb6 34. Nc3 f5 35. Nb5 Rf6 36. Ra1 fxe4 37. Ra7 Qxa7 38. Nxa7 Kxa7 39. Be2 exf3 40. Bxf3 Rgf8 41. Rb1 Kb8 42. Ra1 Rf4 43. Qh7 Bc7 44. Ng4 Rxc4 45. Nxe5 Ra4 46. Nc6+ Kb7 47. Re1 Bf5 48. Qg7 Rc8 49. Ne7 Re8 50. Bh5 Bd7 51. Bxe8 Bxe8 52. Nf5 Bd7 53. Re7 Kc8 54. Qf8+ Kb7 55. Qf7 Kc8 56. Qg8+ Kb7 57. Qxg5 Ra1+ 58. Kh2 Rd1 59. Nxh4 Bb5 60. Qg7 Na6 61. Nf3 Rxd5 62. Qf7 Bc6 63. h4 b5 64. h5 b4 65. h6 b3 66. h7 b2 67. Re1 Rh5+ 68. Qxh5 Be4 69. h8=Q b1=Q 70. Rxb1+ Bxb1 71. Qb2+ 1-0


[Site "https://www.chess.com"]

[Event "Titled Tuesday Blitz July 25 Early 2023"]
[White "Tomaszewski, Kacper"]
[Black "Williams, Simon K"]
[WhiteFideId "1127373"]
[BlackFideId "404454"]
[WhiteElo "2490"]
[BlackElo "2724"]
[Result "0-1"]
[Round "9"]
[TimeControl "180+2"]
[Date "2023.07.25"]
[WhiteClock "0:00:01"]
[BlackClock "0:00:05"]
[Board "52"]

1. d4 e6 2. c4 f5 3. Nc3 Nf6 4. Bf4 Bb4 5. e3 b6 6. Bd3 Bb7 7. Nf3 Ne4 8. Qc2 O-O 9. Rg1 d6 10. g4 Nd7 11. gxf5 exf5 12. Ng5 Qe7 13. O-O-O Bxc3 14. bxc3 d5 15. f3 Qa3+ 16. Qb2 Qxc3+ 17. Qxc3 Nxc3 18. Ne6 Rf7 19. Rd2 dxc4 20. Bxc4 Bd5 21. Bxd5 Nxd5 22. Bh6 g6 23. e4 fxe4 24. fxe4 N5f6 25. e5 Ne4 26. Rc2 c5 27. Re1 Nf2 28. Kb1 Nd3 29. Rd1 Nf2 30. Re1 Ng4 31. Bg5 cxd4 32. Nc7 d3 33. Rc3 Ndxe5 34. Nxa8 Nf3 35. Re8+ Kg7 36. Rcc8 Nxg5 37. Red8 Ne5 38. Rc7 Ne4 39. Rxf7+ Kxf7 40. Kc1 d2+ 41. Kc2 Nc4 42. Nc7 Ne3+ 43. Kb3 d1=Q+ 44. Rxd1 Nxd1 45. Nb5 a6 46. Nc7 a5 47. Nd5 Ndf2 48. Nxb6 Ke6 49. Nc4 Kd5 50. Nxa5 Kc5 51. Nc4 Ng4 52. Nb2 Nxh2 53. Nd3+ Kb6 54. Ne5 Nf1 55. a4 g5 56. Nf7 g4 57. Nd6 Nxd6 0-1


[Site "https://www.chess.com"]

[Event "Titled Tuesday Blitz July 25 Early 2023"]
[White "Amilal Munkhdalai"]
[Black "whiteglovethief"]
[WhiteFideId "4903250"]
[WhiteElo "2723"]
[BlackElo "2483"]
[Result "1-0"]
[Round "9"]
[TimeControl "180+2"]
[Date "2023.07.25"]
[WhiteClock "0:00:18"]
[BlackClock "0:00:00"]
[Board "53"]

1. e4 d5 2. exd5 Qxd5 3. Nc3 Qa5 4. d4 Nf6 5. g3 c6 6. Bg2 h5 7. h3 Bf5 8. Be3 e6 9. Ne2 Na6 10. a3 Rd8 11. Qc1 Qc7 12. b4 Bd6 13. Rb1 b5 14. Bf4 Nd5 15. Bxd6 Qxd6 16. Nxd5 cxd5 17. O-O Rc8 18. Rb2 Nb8 19. Qg5 Bg6 20. Nf4 Rh6 21. Re1 Kf8 22. Rb3 Bxc2 23. Rbe3 Kg8 24. Nxh5 Rg6 25. Qf4 Qxf4 26. Nxf4 Rf6 27. Nxd5 exd5 28. Re8+ Rxe8 29. Rxe8+ Kh7 30. Rxb8 a6 31. Bxd5 Rd6 32. Bxf7 Rxd4 33. Bh5 Be4 34. Re8 Rc4 35. f3 Bd5 36. Re5 Rd4 37. Kf2 Rd2+ 38. Ke3 Rd4 39. Kxd4 1-0


[Site "https://www.chess.com"]

[Event "Titled Tuesday Blitz July 25 Early 2023"]
[White "Mayank Chakraborty"]
[Black "Cheer_Down"]
[WhiteFideId "25659766"]
[WhiteElo "2717"]
[BlackElo "2456"]
[Result "1-0"]
[Round "9"]
[TimeControl "180+2"]
[Date "2023.07.25"]
[WhiteClock "0:02:27"]
[BlackClock "0:01:39"]
[Board "54"]

1. e4 c5 2. Nf3 d6 3. d4 cxd4 4. Nxd4 Nf6 5. Nc3 a6 6. f3 e5 7. Nb3 Be7 8. Be3 h5 9. Qd2 Be6 10. Nd5 Bxd5 11. exd5 Nbd7 12. Na5 Qc7 13. c4 h4 14. Be2 Nh5 15. O-O g6 16. b4 Kf8 17. Rac1 Nf4 18. Rfd1 h3 19. g3 Nxe2+ 20. Qxe2 Kg7 21. c5 dxc5 22. d6 Bxd6 23. Qd2 cxb4 24. Rxc7 1-0


[Site "https://www.chess.com"]

[Event "Titled Tuesday Blitz July 25 Early 2023"]
[White "Marn, Jan"]
[Black "Koellner, Ruben Gideon"]
[WhiteFideId "14619245"]
[BlackFideId "12993093"]
[WhiteElo "2442"]
[BlackElo "2716"]
[Result "1/2-1/2"]
[Round "9"]
[TimeControl "180+2"]
[Date "2023.07.25"]
[WhiteClock "0:00:15"]
[BlackClock "0:00:20"]
[Board "55"]

1. f4 d5 2. Nf3 Bg4 3. Ne5 h5 4. b3 e6 5. Bb2 Nd7 6. Nxg4 hxg4 7. g3 Ngf6 8. Bg2 Ne4 9. d3 Nd6 10. Nd2 Nf5 11. Nf1 Bb4+ 12. c3 Qf6 13. Qd2 Bc5 14. e4 Ne7 15. O-O-O a5 16. Ne3 Bxe3 17. Qxe3 c6 18. c4 Qg6 19. exd5 cxd5 20. cxd5 Ra6 21. dxe6 Rxe6 22. Qd4 Nf5 23. Qf2 O-O 24. Rhe1 Rxe1 25. Rxe1 Rc8+ 26. Kb1 Nc5 27. Be4 Nxe4 28. dxe4 Nd6 29. Qd4 Re8 30. f5 Nxf5 31. Qd7 Nd6 32. Ka1 Rxe4 33. Rxe4 Qxe4 34. a3 Qe6 35. Qd8+ Kh7 36. Qxa5 Kg6 37. Qc3 f6 38. Qc2+ Qe4 39. Qxe4+ Nxe4 40. Bd4 Kf5 41. Kb2 Ke6 42. Kc2 Kd5 43. Kd3 Ng5 44. Be3 Nf3 45. a4 Nxh2 46. b4 Nf3 47. b5 Ne5+ 48. Ke2 Kc4 49. Bd2 Nd7 50. Ke3 Nc5 51. Kf4 Nxa4 52. Kxg4 Kxb5 53. Kf5 Nc5 54. Kg6 Ne4 55. Be1 Kc4 56. Kxg7 Kd3 57. Kg6 Ke2 58. Ba5 Kf3 59. Kf5 b5 60. g4 Ke3 61. Bb6+ Kd3 62. Ba5 Kd4 63. Bb6+ Kd5 64. Ba5 Nf2 65. Kxf6 Nxg4+ 66. Kf5 Ne5 67. Kf4 Nc4 68. Bb4 Kd4 69. Kf3 Kd3 70. Kf2 Kc2 71. Ke2 Nb2 72. Bf8 Nd3 73. Be7 Kc3 74. Bf8 Kc4 75. Kd2 Nc5 76. Bxc5 Kxc5 77. Kc3 Kb6 78. Kb4 Kc6 79. Kb3 Kb6 80. Kb4 Ka6 81. Kb3 Ka5 82. Ka3 b4+ 83. Kb3 Kb5 84. Kb2 Kc4 85. Kc2 b3+ 86. Kb2 Kb4 87. Kb1 Kc3 88. Kc1 Kc4 89. Kb2 Kb4 90. Kb1 Kb5 91. Kb2 Ka4 92. Kb1 Ka3 93. Ka1 Kb4 94. Kb2 Kc4 95. Kb1 Kc3 96. Kc1 b2+ 97. Kb1 Kb3 1/2-1/2


[Site "https://www.chess.com"]

[Event "Titled Tuesday Blitz July 25 Early 2023"]
[White "Omariev, Maksim"]
[Black "Vaishali, Rameshbabu"]
[WhiteFideId "4193423"]
[BlackFideId "5091756"]
[WhiteElo "2427"]
[BlackElo "2714"]
[Result "1-0"]
[Round "9"]
[TimeControl "180+2"]
[Date "2023.07.25"]
[WhiteClock "0:00:03"]
[BlackClock "0:00:00"]
[Board "56"]

1. g4 e5 2. Bg2 Nc6 3. c4 d6 4. h3 h5 5. gxh5 Rxh5 6. d3 Nf6 7. Nc3 Be6 8. e4 Rh8 9. Be3 Be7 10. Qd2 a6 11. O-O-O b5 12. Nd5 Rb8 13. Ne2 Qd7 14. f4 exf4 15. Nexf4 bxc4 16. dxc4 Ne5 17. Qc2 c6 18. Nxe6 cxd5 19. Nxg7+ Kf8 20. Nf5 dxc4 21. Bd4 Qe6 22. Kb1 Rh5 23. Rhf1 Bd8 24. Qc3 Nc6 25. Nxd6 Qxd6 26. e5 Nxe5 27. Ba7 Nd3 28. Bxb8 Qxb8 29. b3 1-0


[Site "https://www.chess.com"]

[Event "Titled Tuesday Blitz July 25 Early 2023"]
[White "Marek, Matyas"]
[Black "Harriott, Tyrell"]
[WhiteFideId "335398"]
[BlackFideId "2086484"]
[WhiteElo "2709"]
[BlackElo "2410"]
[Result "1-0"]
[Round "9"]
[TimeControl "180+2"]
[Date "2023.07.25"]
[WhiteClock "0:00:34"]
[BlackClock "0:00:25"]
[Board "57"]

1. Nf3 d5 2. g3 e6 3. Bg2 Bd6 4. O-O f5 5. d3 Nf6 6. c4 O-O 7. Nc3 c6 8. e4 Be7 9. cxd5 exd5 10. e5 Ne8 11. h4 Nc7 12. Bg5 Ne6 13. Bxe7 Qxe7 14. Ne2 Na6 15. Qd2 Bd7 16. Nf4 Nac7 17. Rfe1 Be8 18. Nxe6 Nxe6 19. d4 Bh5 20. Ng5 Nxg5 21. Qxg5 Qxg5 22. hxg5 Rfe8 23. f4 Re7 24. Kf2 Rae8 25. Rec1 Rf8 26. b4 a6 27. a4 Be8 28. b5 Bd7 29. bxa6 bxa6 30. Rab1 Be8 31. a5 Ra7 32. Rb6 Bd7 33. Bf1 Rfa8 34. Bd3 Kf8 35. Bc2 Ke7 36. Ba4 Rc7 37. Bd1 Raa7 38. Be2 Ra8 39. Ke3 Raa7 40. Rh1 c5 41. Rxh7 cxd4+ 42. Kxd4 Kf8 43. e6 Be8 44. Rb8 Rc2 45. Rh8+ Ke7 46. Rhxe8+ Kd6 47. Rbd8+ Kc6 48. Rc8+ Kd6 49. Rxc2 g6 50. Rd8+ Kxe6 51. Rc6+ Ke7 52. Rh8 Kd7 53. Rxg6 Rc7 54. Rh7+ Kc8 55. Rxc7+ Kxc7 56. Rf6 Kd7 57. g6 Kc7 58. g7 Kd7 59. g8=Q Ke7 60. Qg7+ 1-0


[Site "https://www.chess.com"]

[Event "Titled Tuesday Blitz July 25 Early 2023"]
[White "Luxama, Jacques Muller"]
[Black "Djokic, Mihailo"]
[WhiteFideId "11900113"]
[BlackFideId "976440"]
[WhiteElo "2232"]
[BlackElo "2699"]
[Result "0-1"]
[Round "9"]
[TimeControl "180+2"]
[Date "2023.07.25"]
[WhiteClock "0:00:32"]
[BlackClock "0:01:32"]
[Board "58"]

1. e4 c5 2. Nf3 d6 3. Bb5+ Bd7 4. Bxd7+ Qxd7 5. O-O Nc6 6. c3 Nf6 7. Re1 e6 8. d4 cxd4 9. cxd4 d5 10. e5 Ne4 11. a3 f6 12. exf6 gxf6 13. Qd3 Bd6 14. Nbd2 Nxd2 15. Bxd2 O-O-O 16. b4 Kb8 17. b5 Ne7 18. Qe2 Rhg8 19. Qxe6 Qxb5 20. Rab1 Qd7 21. Qxd7 Rxd7 22. Re6 Bxa3 23. Bf4+ Ka8 24. Rxf6 Ng6 25. Bg3 Rf8 26. Rxf8+ Bxf8 27. h4 b6 28. h5 Ne7 29. Ne5 Rd8 30. Rc1 Nf5 31. Rc7 Nxd4 32. Kh2 h6 33. f4 Bd6 34. Rh7 Bxe5 35. fxe5 Nf5 36. Bf4 d4 37. e6 d3 38. Rf7 0-1


[Site "https://www.chess.com"]

[Event "Titled Tuesday Blitz July 25 Early 2023"]
[White "Vujacic, Igor"]
[Black "Zhigalko, Sergei"]
[WhiteFideId "932620"]
[BlackFideId "13502956"]
[WhiteElo "2375"]
[BlackElo "2864"]
[Result "0-1"]
[Round "9"]
[TimeControl "180+2"]
[Date "2023.07.25"]
[WhiteClock "0:00:08"]
[BlackClock "0:00:39"]
[Board "59"]

1. d4 Nf6 2. Bf4 e6 3. e3 d5 4. Nf3 Bd6 5. Bxd6 Qxd6 6. c4 O-O 7. Nc3 Nbd7 8. Rc1 c6 9. a3 Re8 10. Bd3 e5 11. dxe5 Nxe5 12. cxd5 Bg4 13. Be2 Bxf3 14. Bxf3 Rad8 15. O-O cxd5 16. b4 a6 17. Na4 g6 18. Be2 h5 19. Nc5 Re7 20. Qb3 Neg4 21. g3 h4 22. Rfd1 hxg3 23. hxg3 Rxe3 24. Bxg4 Rxb3 0-1


[Site "https://www.chess.com"]

[Event "Titled Tuesday Blitz July 25 Early 2023"]
[White "Aravindh, Chithambaram VR."]
[Black "Eynullayev, Atilla"]
[WhiteFideId "5072786"]
[BlackFideId "13413570"]
[WhiteElo "2900"]
[BlackElo "2541"]
[Result "1-0"]
[Round "9"]
[TimeControl "180+2"]
[Date "2023.07.25"]
[WhiteClock "0:01:43"]
[BlackClock "0:00:04"]
[Board "60"]

1. g3 Nf6 2. Bg2 d5 3. e3 c5 4. Ne2 Nc6 5. O-O g6 6. d4 cxd4 7. exd4 Bg7 8. c3 O-O 9. Re1 Re8 10. Nd2 Bf5 11. Nf3 Qc8 12. Nf4 Be4 13. Bh3 Bf5 14. Bf1 Be4 15. Ng5 e5 16. dxe5 Nxe5 17. Nxe4 dxe4 18. Bg2 Nf3+ 19. Bxf3 exf3 20. Rxe8+ Qxe8 21. Qxf3 Qe1+ 22. Kg2 Rd8 23. Nd3 Qe4 24. Qxe4 Nxe4 25. Nb4 Rd1 26. Nc2 f5 27. Be3 Rxa1 28. Nxa1 b6 29. Nc2 Kf7 30. f3 Nd6 31. Kf1 Nc4 32. Bc1 Ke6 33. Ke2 a5 34. b3 Ne5 35. c4 Nc6 36. Be3 Kd6 37. Bxb6 h5 38. Be3 h4 39. f4 h3 40. a3 Bc3 41. Kd3 Bb2 42. b4 axb4 43. axb4 Ne7 44. Bc5+ Ke6 45. Bd4 Bc1 46. b5 Ng8 47. Be5 Nh6 48. Nd4+ Kd7 49. Nf3 Ng4 50. Bd4 Kc7 51. c5 g5 52. fxg5 f4 53. gxf4 Bxf4 54. g6 Bh6 55. g7 Bxg7 56. Bxg7 1-0


[Site "https://www.chess.com"]

[Event "Titled Tuesday Blitz July 25 Early 2023"]
[White "Putnam, Liam"]
[Black "Jaskolka, Tomasz"]
[WhiteFideId "30938279"]
[BlackFideId "1170791"]
[WhiteElo "2784"]
[BlackElo "2532"]
[Result "1-0"]
[Round "9"]
[TimeControl "180+2"]
[Date "2023.07.25"]
[WhiteClock "0:00:45"]
[BlackClock "0:00:04"]
[Board "61"]

1. a4 d5 2. h4 Nf6 3. d4 Bf5 4. Nf3 e6 5. e3 Nc6 6. Bd3 Ne4 7. c4 Nb4 8. Be2 c6 9. O-O g5 10. Nxg5 Nxg5 11. hxg5 h6 12. g6 Bxg6 13. Nc3 Rg8 14. e4 dxe4 15. Be3 Bd6 16. g3 h5 17. Bxh5 Nd3 18. Bxg6 Rxg6 19. Nxe4 Nxb2 20. Qb3 Bc7 21. Qxb2 Qh4 22. Bg5 Qxe4 23. Qxb7 Kd7 24. d5 exd5 25. cxd5 Rh8 26. dxc6+ Ke6 27. Qb3+ Kf5 28. Qxf7+ Kxg5 29. f3 Bb6+ 30. Rf2 Bxf2+ 31. Kg2 Qe2 32. Qf4+ Kh5 33. Qh4# 1-0


[Site "https://www.chess.com"]

[Event "Titled Tuesday Blitz July 25 Early 2023"]
[White "Shapiro, Viktor"]
[Black "Gharibyan, Mamikon"]
[WhiteFideId "4175700"]
[BlackFideId "13308300"]
[WhiteElo "2525"]
[BlackElo "2782"]
[Result "1/2-1/2"]
[Round "9"]
[TimeControl "180+2"]
[Date "2023.07.25"]
[WhiteClock "0:00:32"]
[BlackClock "0:00:03"]
[Board "62"]

1. c4 e5 2. Nc3 Nf6 3. g3 c6 4. Bg2 d5 5. cxd5 cxd5 6. Qb3 Be6 7. Qxb7 Nbd7 8. Nxd5 Bxd5 9. Bxd5 Rb8 10. Qc6 Rc8 11. Qb5 Rc5 12. Bxf7+ Kxf7 13. Qb3+ Kg6 14. Nf3 h6 15. d4 exd4 16. Qd3+ Kf7 17. O-O Bd6 18. Nxd4 Re8 19. Nf5 Bf8 20. Be3 Rd5 21. Qb3 Qb8 22. Nd4 Qxb3 23. axb3 Bc5 24. Rfd1 Rb8 25. Nc6 Rxd1+ 26. Rxd1 Rxb3 27. Bxc5 Nxc5 28. Nxa7 Rxb2 29. Kf1 Nce4 30. Nc6 Nc3 31. Re1 Nfe4 32. Ne5+ Kf6 33. Nf3 g5 34. h3 Kf5 35. Nd4+ Kf6 36. Ra1 Rd2 37. Ra6+ Kf7 38. Nf5 h5 39. f3 Nf6 40. e4 g4 41. hxg4 hxg4 42. e5 Ne8 43. fxg4 Rd3 44. g5 Rf3+ 45. Kg2 Rxf5 46. Rc6 Nd5 47. g6+ Kg7 48. g4 Rg5 49. Kf3 Ndc7 50. Kf4 Rxg6 51. Rxg6+ Kxg6 52. e6 Nxe6+ 53. Ke5 Ng5 54. Kf4 Nf6 55. Ke5 Nfh7 56. Kf4 Kf6 57. Kg3 Ke5 58. Kh4 Kf4 59. Kh5 Nf6+ 60. Kh4 Nfe4 61. Kh5 Ke5 62. Kh4 Kf6 63. Kh5 Kg7 64. Kh4 Kg6 1/2-1/2


[Site "https://www.chess.com"]

[Event "Titled Tuesday Blitz July 25 Early 2023"]
[White "Khamdamova, Afruza"]
[Black "Hambleton, Aman"]
[WhiteFideId "14210444"]
[BlackFideId "2606577"]
[WhiteElo "2525"]
[BlackElo "2774"]
[Result "1/2-1/2"]
[Round "9"]
[TimeControl "180+2"]
[Date "2023.07.25"]
[WhiteClock "0:00:06"]
[BlackClock "0:00:04"]
[Board "63"]

1. Nf3 d5 2. g3 c6 3. Bg2 Nf6 4. O-O Bf5 5. d4 e6 6. Bf4 h6 7. Nbd2 Be7 8. c3 O-O 9. Re1 Nbd7 10. Ne5 Nxe5 11. Bxe5 Nd7 12. e4 dxe4 13. Nxe4 Nxe5 14. dxe5 Qb6 15. Qb3 Rfd8 16. Rad1 Bg4 17. Rxd8+ Rxd8 18. Qxb6 axb6 19. f3 Bf5 20. Kf2 b5 21. f4 b4 22. Ke3 bxc3 23. bxc3 Kf8 24. Bf3 Ra8 25. Re2 Ra3 26. Kd4 Bd8 27. Rb2 Bxe4 28. Bxe4 b5 29. Bxc6 Bb6+ 30. Kd3 Ba5 31. Rb3 Rxb3 32. axb3 b4 33. c4 Bb6 34. h3 Bf2 35. g4 Ke7 36. Ke4 Bc5 37. Bb5 g5 38. f5 Bf2 39. Bc6 Bc5 40. Kd3 Bb6 41. Be4 Bc5 42. Bf3 Bb6 43. Bb7 Bc5 44. Ke4 Bb6 45. fxe6 fxe6 46. Bc6 Bc5 47. Kf3 Bb6 48. Bb7 Bc5 49. Ke4 Bb6 50. Kd3 Ba7 51. Be4 Bc5 52. Bf3 Bb6 53. Ke4 Kd7 54. Be2 Bc5 55. Bd3 Kc7 56. Kf3 Kd7 57. Bh7 Kc7 58. Ke4 Kd7 59. Bg8 Ke7 60. Bh7 Kf7 61. Kd3 Ke7 62. Be4 Kd8 63. Bg6 Ba7 64. Ke4 Kd7 65. Kd3 Bb6 66. c5 Bxc5 67. Kc4 Bf8 68. Bf7 Be7 69. Bg6 Bf8 70. Be4 Kc7 71. Bg6 Bg7 72. Kxb4 Bxe5 73. Kc5 Bd6+ 74. Kc4 Bg3 75. Kb5 Bf2 76. b4 e5 77. Ka6 Kd6 78. Be4 Kc7 79. b5 Bc5 80. Bd5 Bb6 81. Be4 Bd4 82. Ka5 Bb6+ 83. Kb4 Kd6 84. Kc4 Bc5 85. Bf5 Bb6 86. Be4 Ba7 87. Bc6 Ke6 88. Be4 Bb6 89. Bf5+ Kd6 90. Be4 1/2-1/2


[Site "https://www.chess.com"]

[Event "Titled Tuesday Blitz July 25 Early 2023"]
[White "Kaplan, Avi Harrison"]
[Black "Xu, Yi"]
[WhiteFideId "30934559"]
[BlackFideId "8605564"]
[WhiteElo "2519"]
[BlackElo "2737"]
[Result "0-1"]
[Round "9"]
[TimeControl "180+2"]
[Date "2023.07.25"]
[WhiteClock "0:01:02"]
[BlackClock "0:00:42"]
[Board "64"]

1. b3 a6 2. Bb2 h6 3. h3 b5 4. a3 Bb7 5. d3 c5 6. Nd2 d5 7. g3 d4 8. Ngf3 e5 9. Bg2 Nf6 10. c4 Bd6 11. e3 O-O 12. exd4 exd4 13. O-O Nbd7 14. b4 cxb4 15. Nxd4 Bxg2 16. Kxg2 bxa3 17. Bxa3 Bxa3 18. Rxa3 Ne5 19. N2f3 Nxf3 20. Nxf3 b4 21. Ra4 a5 22. d4 Ne4 23. Qb3 Nc3 24. Raa1 Qb8 25. Nd2 a4 26. Qb2 a3 27. Qb3 a2 28. Rfe1 Ra3 29. Qb2 Qb7+ 30. Kg1 Rfa8 31. d5 Na4 32. Qd4 b3 33. d6 b2 34. d7 bxa1=Q 35. d8=Q+ Rxd8 36. Qxd8+ Kh7 37. Rxa1 Qb2 38. Re1 a1=Q 39. Rxa1 Rxa1+ 40. Kg2 Qb7+ 41. Qd5 Qxd5+ 42. cxd5 Rd1 43. Nf3 Rxd5 44. h4 Nc5 45. Nh2 Ne4 46. Nf3 h5 47. Kh3 Rf5 48. Kg2 Rxf3 49. Kxf3 f5 50. Kf4 Nxf2 51. Kxf5 g6+ 52. Kf6 Ne4+ 53. Ke5 Nxg3 54. Kf4 Nf5 55. Kg5 Kg7 56. Kf4 Nxh4 57. Kg3 Nf5+ 58. Kg2 g5 59. Kg1 g4 60. Kh1 h4 61. Kh2 Kg6 62. Kh1 Kg5 63. Kh2 Kf4 64. Kh1 Kf3 65. Kh2 Ne3 66. Kh1 g3 67. Kg1 h3 68. Kh1 g2+ 69. Kg1 h2+ 70. Kxh2 Kf2 71. Kh3 g1=Q 72. Kh4 Qg4# 0-1


[Site "https://www.chess.com"]

[Event "Titled Tuesday Blitz July 25 Early 2023"]
[White "Petrovic, Aleksa"]
[Black "Suyarov, Mukhammadzokhid"]
[WhiteFideId "967629"]
[BlackFideId "14210495"]
[WhiteElo "2504"]
[BlackElo "2721"]
[Result "1/2-1/2"]
[Round "9"]
[TimeControl "180+2"]
[Date "2023.07.25"]
[WhiteClock "0:00:08"]
[BlackClock "0:02:25"]
[Board "65"]

1. e4 e6 2. d4 d5 3. Nd2 h6 4. Ngf3 Nf6 5. Bd3 c5 6. O-O cxd4 7. exd5 Qxd5 8. Nb3 Nc6 9. Nbxd4 Nxd4 10. Nxd4 Bd7 11. Nf3 Bc6 12. Qe2 Rd8 13. Be3 Bc5 14. Rad1 Qh5 15. Bxc5 Qxc5 16. Qe5 Qxe5 17. Nxe5 Ke7 18. Nxc6+ bxc6 19. Bc4 c5 20. f3 g5 21. Kf2 h5 22. Ke2 h4 23. Rxd8 Rxd8 24. Rd1 Rb8 25. b3 Nd7 26. Ke3 Ne5 27. Be2 Nc6 28. c3 f5 29. g3 hxg3 30. hxg3 Rh8 31. f4 g4 32. Bb5 Nb8 33. Re1 Kf6 34. Kf2 Rh7 35. Bc4 Re7 36. b4 Nd7 37. a4 Nb6 38. Bb5 cxb4 39. cxb4 Nd5 40. Rb1 Nc3 41. Rb3 Nxb5 42. axb5 Rb7 43. Ra3 Rxb5 44. Rxa7 Rxb4 45. Ra2 Rb3 46. Re2 Rf3+ 47. Kg2 Ra3 48. Rd2 Ra5 49. Kf2 e5 50. fxe5+ Kxe5 51. Re2+ Kd4 52. Kg2 Re5 53. Rf2 Ke3 54. Rf1 Kd2 55. Rf4 Kd3 56. Kf2 Ra5 57. Kg2 Ke3 58. Kg1 Kd2 59. Kg2 Ke2 60. Rf2+ Ke1 61. Rf1+ Kd2 62. Rf2+ Kd3 63. Rf4 Re5 64. Kg1 Re3 65. Kf2 Re2+ 66. Kf1 Re5 67. Kf2 Kd2 68. Kg2 Ke3 69. Rf1 Kd4 70. Rf4+ Kd5 71. Rf1 Re2+ 72. Kg1 Ke5 73. Rf4 Re4 74. Rf2 Rd4 75. Kg2 Rd5 76. Rf4 Rc5 77. Kg1 Rc2 78. Rf1 Re2 79. Rf4 Re4 80. Rf1 f4 81. gxf4+ Kf5 82. Kg2 Re2+ 83. Kg3 Re3+ 84. Kg2 Ra3 85. Rf2 Ra4 86. Rf1 Ra8 87. Rf2 Ra1 88. Rf1 Ra3 89. Rf2 Re3 90. Rf1 Re6 91. Rf2 Rh6 92. Rf1 Ke4 93. Rf2 Kf5 94. Rf1 Rg6 95. Rf2 g3 96. Rf3 Ra6 97. Kxg3 Ra2 98. Rb3 Ra5 99. Rc3 Rb5 100. Re3 Ra5 101. Kf3 Rb5 102. Rd3 Rc5 103. Kg3 Rb5 104. Rd8 Rb3+ 105. Kh4 Kxf4 106. Rf8+ Ke5 107. Re8+ Kf6 108. Rf8+ Kg6 109. Rg8+ Kf5 110. Rf8+ Ke6 111. Rf1 Rb4+ 112. Kg3 Ke5 113. Re1+ Kf5 114. Rf1+ Kg5 115. Rf3 Rb5 116. Rc3 Ra5 117. Rd3 Ra1 118. Rd5+ Kf6 119. Kf4 Ra4+ 120. Ke3 Ke6 121. Rd4 Ra1 122. Ke4 Re1+ 123. Kd3 Ke5 124. Rh4 Ra1 125. Ke2 Ra2+ 126. Kf1 Kf5 127. Rb4 Ke5 128. Kg1 Rc2 129. Kh1 Rf2 130. Ra4 Kf5 131. Rb4 Kg5 132. Ra4 Rf7 133. Rb4 Rf4 134. Rxf4 Kxf4 1/2-1/2


[Site "https://www.chess.com"]

[Event "Titled Tuesday Blitz July 25 Early 2023"]
[White "NikaVolkov"]
[Black "Ginzburg, Yakov"]
[BlackFideId "4157176"]
[WhiteElo "2714"]
[BlackElo "2502"]
[Result "1/2-1/2"]
[Round "9"]
[TimeControl "180+2"]
[Date "2023.07.25"]
[WhiteClock "0:02:41"]
[BlackClock "0:00:05"]
[Board "66"]

1. d4 d5 2. Nf3 Nf6 3. e3 g6 4. c4 Bg7 5. Nc3 O-O 6. Be2 c5 7. O-O cxd4 8. exd4 Nc6 9. Be3 Bg4 10. h3 Bxf3 11. Bxf3 dxc4 12. Bxc6 bxc6 13. Qa4 Qb6 14. Rab1 Nd5 15. Qxc4 e6 16. Rfc1 Nxe3 17. fxe3 Bh6 18. Kf2 e5 19. Na4 Qd8 20. dxe5 Qd2+ 21. Kf1 Bxe3 22. Rc2 Qd7 23. Qe4 Bb6 24. Re1 Rac8 25. b4 c5 26. Nxc5 Qb5+ 27. Qc4 Qc6 28. Kg1 Rfe8 29. Kh1 Bxc5 30. bxc5 Re6 31. Qd4 Rce8 32. Rf2 Qc7 33. Rd2 Rxe5 34. Rxe5 Rxe5 35. Qd8+ Qxd8 36. Rxd8+ Kg7 37. Rc8 Re2 38. c6 Rxa2 39. Ra8 Rc2 40. Rxa7 Rxc6 41. Ra1 h5 42. Rf1 h4 43. Rd1 g5 44. Rd5 Kg6 45. Kh2 f6 46. Rd8 Rc2 47. Rg8+ Kf5 48. Ra8 Rc5 49. Ra4 Ke5 50. Rg4 Ke6 51. Ra4 f5 52. Ra6+ Ke5 53. Rg6 Kf4 54. Rh6 Rc2 55. Rh8 Rc4 56. Rh7 Rb4 57. Rh8 Re4 58. Rh7 Ke3 59. Rf7 f4 60. Rf5 Kf2 61. Rxg5 f3 62. Rf5 Re3 63. Rf4 Rd3 64. Rxh4 fxg2 65. Rg4 g1=Q+ 66. Rxg1 Rxh3+ 67. Kxh3 Kxg1 1/2-1/2


[Site "https://www.chess.com"]